 Dungeon Crawl Stone Soup version 0.17.1-3-g152610e (webtiles) character file.

599 Zhenya25pyc the Cudgeler (level 7, -2/44 HPs)
             Began as a Gargoyle Fighter on Apr 29, 2016.
             Was a Follower of Okawaru.
             Slain by an ogre
             ... wielding a cursed +0 giant spiked club
              (23 damage)
             ... on level 5 of the Dungeon.
             The game lasted 00:08:38 (3458 turns).

Zhenya25pyc the Cudgeler (Gargoyle Fighter)         Turns: 3458, Time: 00:08:39

Health: -2/44      AC: 11    Str: 21    XL:     7   Next: 41%
Magic:  7/7        EV:  7    Int:  9    God:    Okawaru [*.....]
Gold:   264        SH:  9    Dex:  9    Spells: 0 memorised, 6 levels left

rFire  . . .     SeeInvis .     h - +3 mace
rCold  . . .     Clarity  .     b - +0 scale mail
rNeg   + . .     SustAt   .     l - +0 shield
rPois  ∞         Gourm    .     w - +0 helmet
rElec  +         Spirit   .     i - +0 cloak
rCorr  .         Warding  .     (no gloves)
rMut   .         Stasis   .     x - +0 pair of boots
MR     .....                    r - amulet of rage
Stlth  ..........               (no ring)
                                (no ring)

@: corroded equipment, not resistant to hostile enchantments, extremely
unstealthy
A: negative energy resistance 1, electricity resistance, unbreathing,
petrification resistance, rot immunity, AC +4
a: Heroism, Renounce Religion, Evoke Berserk Rage


You were on level 5 of the Dungeon.
You worshipped Okawaru.
Okawaru was aware of your devotion.
You were very hungry.

You visited 1 branch of the dungeon, and saw 5 of its levels.
You also visited: Sewer.

You collected 264 gold pieces.

Inventory:

Hand Weapons
 h - a +3 mace (weapon)
Armour
 b - a +0 scale mail (worn)
 i - a +0 cloak (worn)
 l - a +0 shield (worn)
 w - a +0 helmet (worn)
 x - a +0 pair of boots (worn)
Jewellery
 r - an amulet of rage (around neck)
Scrolls
 a - a scroll of enchant weapon {unknown}
 c - a scroll of immolation {unknown}
 g - 2 scrolls of teleportation {unknown}
 j - a scroll of remove curse
 m - 2 scrolls of magic mapping
 v - a scroll of recharging {unknown}
 y - 5 scrolls of fear
Potions
 d - 2 potions of might
 f - 4 potions of curing {unknown}
 o - a potion of heal wounds {unknown}
 q - 2 potions of brilliance
 t - a potion of agility {unknown}
 z - 4 potions of lignification
 A - a potion of cure mutation {unknown}
 B - a potion of haste {unknown}
 C - 2 potions of magic {unknown}
Comestibles
 e - 5 bread rations
 n - 2 slices of pizza
 p - 2 meat rations
 s - a royal jelly


   Skills:
 + Level 5.0 Fighting
 * Level 5.3 Maces & Flails
 + Level 4.8 Armour
 + Level 5.0 Shields


You had 6 spell levels left.
You didn't know any spells.

Dungeon Overview and Level Annotations

Branches:
Dungeon (5/15)             Temple (0/1) D:5

Altars:
Ashenzari
Cheibriados
Dithmenos
Elyvilon
Makhleb
Okawaru
Ru
Sif Muna
Trog
Vehumet
Xom
Yredelemnul

Shops:
D:4 (


Innate Abilities, Weirdness & Mutations

You are resistant to torment.
Your stone body is resilient (AC +4).
You are immune to poison.
You resist negative energy.
You are resistant to electric shocks.
You can survive without breathing.
You are immune to petrification.
You are immune to rotting.


Message History

You now have 255 gold pieces (gained 8).
You now have 264 gold pieces (gained 9).
You open the door.
There is an open door here.
An ogre comes into view. It is wielding a giant spiked club.
The ogre shouts!
The ogre moves out of view.
Found 2 bubbling silvery potions.
A jelly comes into view.
The jelly quivers.
The jelly completely misses you.
You hit the jelly. The acid corrodes you!
Your hands burn!
The jelly is heavily wounded.
The ogre hits you with a giant spiked club!!
The jelly hits you but does no damage.
You barely miss the jelly.
The jelly is moderately wounded.
The ogre hits you with a giant spiked club!!
Ouch! That really hurt!
You die...

#..... .....## #.....
.......# #..... ..!....#
#..... #### #.....#
+..... ###...##.....##.
#..... ................
#..... ......J.........
#..... ......O@........
#.....
.##...##.....##...#.....
#.. #.....##...#.....
... #..........#....#
... #..........#..... .#
#.....##...#....#
###'#####..>#.....
#..........##....#
#..........##.....


You could see an ogre and a jelly.

Vanquished Creatures
  Purgy (Sewer)
  A necrophage (D:5)
  2 crimson imps (D:5)
  A centaur zombie (D:5)
  An orc priest (D:4)
  A centaur skeleton (D:4)
  A worker ant (D:5)
  A killer bee zombie (D:5)
  A worker ant zombie (D:5)
  3 gnolls (D:2)
  5 adders
  2 oozes
  An adder skeleton (D:4)
  3 worms
  5 giant geckos
  11 orcs
  8 bats
  3 giant cockroaches
  10 goblins
  5 hobgoblins
  4 jackals (D:1)
  8 kobolds
  2 quokkas
  8 ball pythons
  4 giant newts (Sewer)
  13 rats
105 creatures vanquished.

Notes
Turn   | Place    | Note
--------------------------------------------------------------
     0 | D:1      | Zhenya25pyc the Gargoyle Fighter began the quest for the Orb.
     0 | D:1      | Reached XP level 1. HP: 14/14 MP: 1/1
   242 | D:1      | Reached XP level 2. HP: 19/19 MP: 2/2
   609 | D:2      | Reached XP level 3. HP: 23/23 MP: 3/3
   664 | D:2      | Found a radiant altar of Vehumet.
   675 | D:2      | Found a basalt altar of Yredelemnul.
   842 | D:2      | Found a snail-covered altar of Cheibriados.
   860 | D:2      | Reached XP level 4. HP: 18/29 MP: 4/4
   874 | D:2      | Reached skill level 4 in Shields
  1350 | D:3      | Reached XP level 5. HP: 27/33 MP: 5/5
  2109 | D:4      | Found Diasek's Antique Weapon Shop.
  2136 | D:4      | Reached XP level 6. HP: 29/39 MP: 6/6
  2470 | D:4      | Found a shimmering altar of Xom.
  2470 | D:4      | Found a burning altar of Makhleb.
  2472 | D:4      | Found a shattered altar of Ashenzari.
  2477 | D:4      | Found a sacrificial altar of Ru.
  2477 | D:4      | Found a deep blue altar of Sif Muna.
  2478 | D:4      | Found a snail-covered altar of Cheibriados.
  2479 | D:4      | Found a white marble altar of Elyvilon.
  2480 | D:4      | Found an iron altar of Okawaru.
  2484 | D:4      | Became a worshipper of Warmaster Okawaru
  2486 | D:4      | Found a shadowy altar of Dithmenos.
  2565 | D:4      | Noticed a moth of wrath
  2568 | D:4      | Found a bloodstained altar of Trog.
  2648 | D:5      | Entered Level 5 of the Dungeon
  2891 | D:5      | Found a staircase to the Ecumenical Temple.
  2903 | D:5      | Reached XP level 7. HP: 22/44 MP: 7/7
  2994 | D:5      | Found a glowing drain.
  3006 | D:5      | Reached * piety under Okawaru
  3006 | D:5      | Reached skill level 5 in Maces & Flails
  3043 | Sewer    | Entered a sewer
  3181 | Sewer    | Noticed Purgy
  3205 | Sewer    | Killed Purgy
  3205 | Sewer    | Reached skill level 5 in Fighting
  3205 | Sewer    | Reached skill level 5 in Shields
  3458 | D:5      | Slain by an ogre

Action                   |  1- 3 |  4- 6 |  7- 9 || total
-------------------------+-------+-------+-------++-------
Melee: Mace              |    96 |   203 |    67 ||   366
       Flail             |     1 |       |       ||     1
  Use: Scroll            |       |       |     5 ||     5
       Potion            |       |       |     1 ||     1
  Eat: Chunk             |       |     7 |     1 ||     8
